 Dungeon Crawl Stone Soup version 0.26.1-2-gb8aa6d0cf2 (webtiles) character file.

Game seed: 12144359454142436603

72 Almogavar the Vandal (level 4, 0/29 HPs)
             Began as a Halfling Hunter on Mar 30, 2021.
             Was an Initiate of Okawaru.
             Slain by a jackal (3 damage)
             ... on level 1 of the Dungeon.
             The game lasted 00:03:37 (1449 turns).

Almogavar the Vandal (Halfling Hunter)              Turns: 1449, Time: 00:03:38

Health: 0/29       AC:  3    Str: 13    XL:     4   Next: 50%
Magic:  4/4        EV: 14    Int:  9    God:    Okawaru [......]
Gold:   117        SH:  0    Dex: 15    Spells: 3/3 levels left

rFire    . . .     SeeInvis .   b - +0 short sword
rCold    . . .     Faith    .   (shield restricted)
rNeg     . . .     Spirit   .   c - +0 leather armour
rPois    .         Reflect  .   (no helmet)
rElec    .         Harm     .   (no cloak)
rCorr    .         Rampage  .   (no gloves)
Will     .....                  (no boots)
Stlth    ++........             (no amulet)
HPRegen  0.09/turn              g - ring of flight
MPRegen  0.09/turn              (no ring)

@: no status effects
A: small, mutation resistance 1
a: Renounce Religion, Evoke Flight


You were on level 1 of the Dungeon.
You worshipped Okawaru.
Okawaru was noncommittal.
You visited 1 branch of the dungeon, and saw 2 of its levels.

You collected 117 gold pieces.

Inventory:

Hand Weapons
 a - a +1 hunting sling
 b - a +0 short sword (weapon)
Missiles
 d - 16 sling bullets
 l - 58 stones
Armour
 c - a +0 leather armour (worn)
Jewellery
 g - a ring of flight (left hand)
Scrolls
 h - a scroll of noise {unknown}
 i - 2 scrolls of teleportation {unknown}
 j - 3 scrolls of identify {unknown}
 k - 2 scrolls of magic mapping {unknown}
 n - a scroll of random uselessness {unknown}
 p - a scroll of fog {unknown}
Potions
 e - a potion of curing {unknown}
 f - a potion of degeneration {unknown}
 m - a potion of invisibility {unknown}
 o - a potion of attraction {unknown}


   Skills:
 + Level 2.1 Fighting
 + Level 7.8 Slings
 + Level 0.5 Armour
 + Level 2.2 Dodging
 + Level 1.2 Stealth


You had 3 spell levels left.
You didn't know any spells.
Your spell library was empty.

Dungeon Overview and Level Annotations

Branches:
Dungeon (2/15)

Altars:
Okawaru

Annotations:
D:2 Terence


Innate Abilities, Weirdness & Mutations

You are small and have problems with some larger weapons.
You are somewhat resistant to further mutation.


Message History

* * * LOW HITPOINT WARNING * * *
The jackal bites you but does no damage.
The jackal completely misses you. The jackal misses you.
The jackal closely misses you. The jackal barely misses you.
Terence shouts, "Get ready for death!"
The jackal bites you.
* * * LOW HITPOINT WARNING * * *
The jackal barely misses you.
Terence asks, "Do you want it fast or slow?"
The jackal bites you.
* * * LOW HITPOINT WARNING * * *
There is a stone staircase leading up here.
The jackal bites you.
* * * LOW HITPOINT WARNING * * *
You climb upwards.
There is a stone staircase leading down here.
You closely miss the jackal. The jackal bites you.
You die...

#.#.#...##
#########.########
#.......#.........
#.#####.##########
#.# #.............
#.# #.#.##########
#.# #.#.#
#h###.#.##########
#@................
#####.#.#####...##
#.#.# #...# #.#.#
#...## #.#.#
#....# #.#.#
####.# #†#.# #..
#.#.# ##. #.#.# #.


You could see a jackal.

Vanquished Creatures
  Robin (D:2)
  An ooze (D:1)
  A dart slug (D:1)
  3 leopard geckos
  A ball python (D:1)
  12 goblins
  11 hobgoblins
  3 jackals (D:1)
  A kobold (D:2)
  5 bats
  3 frilled lizards
  4 rats
46 creatures vanquished.

Notes
Turn   | Place    | Note
-------+----------+-------------------------------------------
     0 | D:1      | Almogavar the Halfling Hunter began the quest for the Orb.
     0 | D:1      | Reached XP level 1. HP: 14/14 MP: 1/1
   126 | D:1      | Reached skill level 6 in Slings
   160 | D:1      | Reached XP level 2. HP: 19/19 MP: 2/2
   492 | D:1      | Reached XP level 3. HP: 24/24 MP: 3/3
   572 | D:1      | Reached skill level 7 in Slings
  1095 | D:2      | Found an iron altar of Okawaru.
  1107 | D:2      | Became a worshipper of Warmaster Okawaru
  1264 | D:2      | Noticed Robin
  1271 | D:2      | Reached XP level 4. HP: 27/29 MP: 4/4
  1281 | D:2      | Killed Robin
  1388 | D:2      | Noticed Terence
  1449 | D:1      | Slain by a jackal

Illustrated notes

Levels and vault maps discovered:
D:1:      dpeg_arrival_round_a, layout_basic, serial_bayou_pond_d
D:2:      layout_rooms, okawaru_metal_pillars_1_2, uniq_robin, uniq_terence

Skill      XL: |  1  2  3  4 |
---------------+-------------+-----
Slings         | 6 7 |  7.8
Fighting       | 2 |  2.1
Armour         | |  0.5
Dodging        | |  2.2
Stealth        | |  1.2

Action                   |  1- 3 |  4- 6 || total
-------------------------+-------+-------++-------
Melee: Short sword       |     2 |    11 ||    13
 Fire: Hunting sling     |    73 |    35 ||   108
Armor: Leather armour    |     2 |     6 ||     8
Dodge: Dodged            |     5 |    23 ||    28
